 Dungeon Crawl Stone Soup version 0.24-a0-181-gd121a6d (webtiles) character file.

Game seed: 6351367995009402773

1053 galech the Chopper (level 8, -3/61 HPs)
             Began as a Demonspawn Fighter on Mar 14, 2019.
             Was a Believer of Okawaru.
             Slain by a gnoll
             ... wielding a +0 spear
              (6 damage)
             ... on level 5 of the Dungeon.
             The game lasted 00:07:13 (3888 turns).

galech the Chopper (Demonspawn Fighter)             Turns: 3888, Time: 00:07:14

Health: -3/61      AC: -1    Str: 21    XL:     8   Next: 5%
Magic:  0/8        EV: 13    Int: 10    God:    Okawaru [**....]
Gold:   278        SH:  8    Dex: 21    Spells: 7/7 levels left

rFire    + . .     SeeInvis .   a - +0 war axe
rCold    . . .     Gourm    .   B - +2 buckler
rNeg     + . .     Faith    .   t - +3 leather armour
rPois    .         Spirit   +   (helmet restricted)
rElec    .         Reflect  .   (no cloak)
rCorr    .         Harm     .   (no gloves)
MR       .....                  (no boots)
Stlth    ++++......             m - amulet of guardian spirit
HPRegen  0.20/turn              j - ring of positive energy
MPRegen  0.11/turn              y - ring of protection from fire

@: mighty, corroded
A: antennae 1, thin skeletal structure 3, nightstalker 1, powered by death 1
a: Heroism, Renounce Religion


You were on level 5 of the Dungeon.
You worshipped Okawaru.
Okawaru was pleased with you.
You were not hungry.

You visited 1 branch of the dungeon, and saw 5 of its levels.

You collected 278 gold pieces.

Inventory:

Hand Weapons
 a - a +0 war axe (weapon)
 o - a +1 trident of flaming
Armour
 b - a +0 scale mail
 c - a +0 shield
 i - a +0 chain mail
 t - a +3 leather armour (worn)
 B - a +2 buckler (worn)
Jewellery
 j - a ring of positive energy (left hand)
 l - an uncursed ring of ice
 m - an amulet of guardian spirit (around neck)
 w - an uncursed amulet of regeneration {unknown}
 y - a ring of protection from fire (right hand)
 C - an uncursed ring of protection from cold {unknown}
Wands
 s - a wand of clouds (4)
 x - a wand of random effects (18)
Scrolls
 h - 3 scrolls of identify
 n - 2 scrolls of enchant armour
 r - 4 scrolls of remove curse
 v - a scroll of amnesia
 A - a scroll of teleportation
Potions
 e - a potion of curing
 g - a potion of resistance
 k - a potion of flight
 p - 3 potions of degeneration
 q - 2 potions of magic
 z - a potion of agility
 E - a potion of lignification {unknown}
Comestibles
 f - 10 rations
 D - 5 chunks of flesh


   Skills:
 + Level 4.8 Fighting
 + Level 6.3 Axes
 + Level 3.6 Armour
 + Level 2.0 Dodging
 + Level 1.4 Stealth
 + Level 4.1 Shields


You had 7 spell levels left.
You didn't know any spells.
Your spell library contained the following spells:

 Spells                   Type           Power        Failure   Level  Hunger
 Confusing Touch          Hex            #.....       41%         1    ##.....
 Confuse                  Hex            #.......     78%         3    ####...
 Gell's Gravitas          Tloc           #.........   78%         3    ####...
 Petrify                  Tmut/Erth      #.......     99%         4    #####..
 Metabolic Englaciation   Hex/Ice        #.........   100%        5    ######.
 Yara's Violent Unravell  Hex/Tmut       #.........   100%        5    ######.


Dungeon Overview and Level Annotations

Branches:
Dungeon (5/15)
 Temple: D:4-7

Altars:
Elyvilon
Okawaru
Wu Jian

Shops:
D:5 }


Innate Abilities, Weirdness & Mutations

You have a pair of small antennae on your head.
You have an unnaturally thin skeletal structure. (Dex +6, Stealth++)
You are slightly more attuned to the shadows.
You regenerate a little health from kills.


Message History

The gnoll completely misses you.
You hit the gnoll but do no damage.
The gnoll is moderately wounded.
You hit the gnoll but do no damage. You barely miss the gnoll. x2
You hit the crimson imp. The gnoll hits you with a +0 spear.
* * * LOW HITPOINT WARNING * * *
You block the gnoll's attack. x2; The crimson imp hits you.
* * * LOW HITPOINT WARNING * * *
The gnoll closely misses you.
Okay, then.
Okay, then.
You feel better. You block the gnoll's attack. The gnoll hits you.
* * * LOW HITPOINT WARNING * * *
The crimson imp hits you.
* * * LOW HITPOINT WARNING * * *
You block the gnoll's attack. The gnoll hits you.
* * * LOW HITPOINT WARNING * * *
You feel very mighty all of a sudden. The gnoll hits you with a +0 spear!
You die...

......#####
........###
#........#...........#
#........#.......†.>..
#.$............#.....#
#.........%....#......
#....................#
#...g....#............
#...#@g###.....#......
#gg5.....(.........
......####.....##.####
###...# ########.# #
...... #.. # .....(.
##.# . ....... .. .
######


You could see 4 gnolls and a crimson imp.

Vanquished Creatures
  Prince Ribbit (D:5)
  2 sky beasts (D:5)
  A phantom (D:5)
  An ogre (D:5)
  2 scorpions
  A howler monkey (D:5)
  A jelly (D:5)
  An orc priest (D:5)
  2 bullfrog skeletons (D:5)
  Ijyb (D:3)
  2 orc wizards
  2 worker ants (D:4)
  A hound zombie (D:5)
  3 adders (D:2)
  An ooze (D:4)
  An adder zombie (D:5)
  2 worms
  2 dart slugs
  2 leopard geckos (D:1)
  13 orcs
  3 giant cockroaches
  8 hobgoblins
  7 jackals
  2 kobolds
  2 quokkas (D:2)
  2 ball pythons
  6 bats
  2 frilled lizards
  9 goblins
  A leopard gecko zombie (D:5)
  A quokka zombie (D:5)
  9 rats
94 creatures vanquished.

Notes
Turn   | Place    | Note
-------+----------+-------------------------------------------
     0 | D:1      | galech the Demonspawn Fighter began the quest for the Orb.
     0 | D:1      | Reached XP level 1. HP: 18/18 MP: 1/1
    84 | D:1      | Gained mutation: You regenerate a little health from kills.
                  | [demonic ancestry]
    84 | D:1      | Reached XP level 2. HP: 21/24 MP: 2/2
   289 | D:1      | Reached skill level 2 in Axes
   623 | D:2      | Gained mutation: You have a somewhat thin skeletal
                  | structure. (Dex +2, Stealth) [demonic ancestry]
   623 | D:2      | Reached XP level 3. HP: 29/29 MP: 3/3
   912 | D:2      | Gained mutation: You have a pair of small antennae on your
                  | head. [demonic ancestry]
   912 | D:2      | Reached XP level 4. HP: 19/35 MP: 2/4
  1149 | D:2      | Found an ornate altar of the Wu Jian Council.
  1339 | D:2      | Reached skill level 3 in Axes
  1578 | D:3      | Found a white marble altar of Elyvilon.
  1590 | D:3      | Found an iron altar of Okawaru.
  1606 | D:3      | Became a worshipper of Warmaster Okawaru
  1668 | D:3      | Noticed Ijyb
  1693 | D:3      | Killed Ijyb
  2293 | D:3      | Gained mutation: You have a moderately thin skeletal
                  | structure. (Dex +4, Stealth+) [demonic ancestry]
  2293 | D:3      | Reached XP level 5. HP: 36/42 MP: 5/5
  2925 | D:4      | Reached skill level 4 in Axes
  2925 | D:4      | Reached XP level 6. HP: 40/48 MP: 4/6
  3299 | D:5      | Entered Level 5 of the Dungeon
  3299 | D:5      | Noticed a sky beast
  3306 | D:5      | Killed a sky beast
  3306 | D:5      | Reached skill level 1 in Dodging
  3317 | D:5      | Reached * piety under Okawaru
  3317 | D:5      | Reached skill level 1 in Stealth
  3355 | D:5      | Noticed Prince Ribbit
  3374 | D:5      | Reached skill level 5 in Axes
  3374 | D:5      | Gained mutation: You have an unnaturally thin skeletal
                  | structure. (Dex +6, Stealth++) [demonic ancestry]
  3374 | D:5      | Reached XP level 7. HP: 42/55 MP: 2/7
  3389 | D:5      | Killed Prince Ribbit
  3425 | D:5      | Reached ** piety under Okawaru
  3686 | D:5      | Reached skill level 6 in Axes
  3843 | D:5      | Found Seigi's Gadget Emporium.
  3855 | D:5      | Gained mutation: You are slightly more attuned to the
                  | shadows. [demonic ancestry]
  3855 | D:5      | Reached XP level 8. HP: 52/61 MP: 6/8
  3887 | D:5      | HP: 3/61 [gnoll (4)]
  3888 | D:5      | Slain by a gnoll

Levels and vault maps discovered:
D:1:      minmay_arrival_nine_rooms, layout_basic
D:2:      layout_basic, lemuel_round_altar
D:3:      layout_loops_corners, grunt_temple_overflow_open, uniq_ijyb
D:4:      layout_gridville, first_ration
D:5:      layout_rooms, portal_sewer_entry_c, serial_shops, shop_coins,
          uniq_prince_ribbit1, uniq_pikel

Skill      XL: |  1  2  3  4  5  6  7 |
---------------+----------------------+-----
Shields        | 3 4 |  4.1
Axes           | 2 3 4 5 6 |  6.3
Armour         | 3 |  3.6
Fighting       | 4 |  4.8
Dodging        | 1 2 |  2.0
Stealth        | 1 |  1.4

Action                   |  1- 3 |  4- 6 |  7- 9 || total
-------------------------+-------+-------+-------++-------
Melee: War axe           |   135 |   191 |    79 ||   405
  Use: Potion            |     1 |     3 |     3 ||     7
       Scroll            |       |    10 |       ||    10
 Stab: Sleeping          |       |     2 |     2 ||     4
  Eat: Chunk             |       |     9 |     1 ||    10
Armor: Scale mail        |    12 |       |       ||    12
       Chain mail        |    85 |    63 |       ||   148
       Leather armour    |       |    29 |    11 ||    40
Dodge: Dodged            |    26 |    63 |    57 ||   146
Block: Shield            |    79 |    84 |       ||   163
       Buckler           |       |    10 |    34 ||    44

Table legend:
 A = Non-vault XP
 B = Vault XP
 C = Vault XP percentage of total XP
 D = Non-vault monster count
 E = Vault monster count
 F = Vault count percentage of total count
                 A         B        C        D         E       F
            +---------+---------+-------+---------+---------+-------
      Total |    1205 |     300 |  19.9 |      92 |       2 |   2.1
            +---------+---------+-------+---------+---------+-------
        D:1 |      37 |       0 |   0.0 |      19 |       0 |   0.0
        D:2 |      79 |       0 |   0.0 |      25 |       0 |   0.0
        D:3 |      78 |      36 |  31.6 |      20 |       1 |   4.8
        D:4 |     155 |       0 |   0.0 |       8 |       0 |   0.0
        D:5 |     856 |     264 |  23.6 |      20 |       1 |   4.8
            +---------+---------+-------+---------+---------+-------
